Map: World of Sleepers LE

Players

Hellraiser - Winner!

  • Race: Protoss Protoss
  • Spawn Location: 1:00

SortOf

  • Race: Zerg Zerg
  • League: Diamond
  • Spawn Location: 7:00

Event: IEM Katowice 2020

VOD

Have the link to the VOD?

Description

Time

  • Played on: Feb. 25, 2020, 9:27 a.m.
  • Length: 10:24

All games in this series

Show
View Real Time Build Order
Export as new Build Order

Hellraiser Protoss - Winner!

Build Orders: 1 Gate Expand, Oracle Opening, Phoenix Opening, Mass Phoenix 

Get SALT Encoding   

  12  0:00  Probe  
  13  0:12  Probe  
  14  0:20  Pylon  
  14  0:24  Probe  
  15  0:39  Probe (Chrono Boost)  
  15  0:40  Gateway  
  16  0:47  Probe (Chrono Boost)  
  17  0:51  Assimilator  
  17  0:53  Probe  
  18  1:05  Probe  
  19  1:23  Nexus  
  19  1:26  Probe  
  20  1:37  Cybernetics Core  
  20  1:40  Probe  
  20  1:46  Assimilator  
  21  1:52  Probe  
  22  1:56  Pylon  
  22  2:04  Probe  
  23  2:11  Adept (Chrono Boost)  
  25  2:16  Probe  
  25  2:19  Stargate  
  27  2:30  Warp Gate, Probe (Chrono Boost)  
  27  2:32  Adept (Chrono Boost)  
  29  2:38  Probe (Chrono Boost)  
  31  2:46  Probe x2 (Chrono Boost)  
  32  2:52  Probe x2  
  32  2:55  Adept  
  36  3:04  Probe x2, Oracle (Chrono Boost)  
  41  3:16  Probe x2  
  42  3:28  Probe  
  42  3:29  Probe  
  44  3:37  Phoenix (Chrono Boost)  
  44  3:39  Gateway  
  44  3:40  Probe  
  44  3:41  Probe  
  44  3:45  Shield Battery  
  44  3:48  Pylon  
  44  3:51  Assimilator  
  44  3:53  Probe, Assimilator  
  45  3:57  Probe, Pylon  
  46  4:06  Probe  
  46  4:09  Probe  
  51  4:13  Phoenix (Chrono Boost), Stargate  
  50  4:17  Zealot  
  50  4:21  Pylon  
  52  4:27  Probe  
  52  4:28  Probe  
  54  4:32  Pylon  
  54  4:38  Phoenix (Chrono Boost), Pylon  
  54  4:39  Probe  
  54  4:40  Probe  
  54  4:43  Protoss Air Weapons Level 1  
  54  4:45  Zealot  
  60  4:46  Zealot  
  60  4:52  Probe x2  
  64  4:55  Phoenix (Chrono Boost)  
  64  4:58  Phoenix  
  68  5:10  Probe x2  
  72  5:23  Zealot  
  72  5:24  Phoenix (Chrono Boost)  
  72  5:26  Adept  
  72  5:27  Phoenix (Chrono Boost)  
  72  5:42  Nexus  
  72  5:45  Phoenix (Chrono Boost)  
  72  5:47  Stalker  
  78  5:52  Pylon x2  
  78  5:55  Shield Battery  
  78  5:56  Shield Battery  
  78  5:57  Pylon  
  73  5:58  Probe, Phoenix (Chrono Boost)  
  74  6:07  Zealot  
  74  6:08  Phoenix (Chrono Boost)  
  76  6:11  Zealot  
  76  6:22  Phoenix (Chrono Boost)  
  76  6:23  Probe  
  79  6:29  Zealot  
  79  6:30  Phoenix (Chrono Boost)  
  83  6:33  Probe, Pylon x2  
  83  6:38  Phoenix (Chrono Boost), Zealot  
  88  6:52  Probe  
  88  6:53  Probe  
  91  6:55  Phoenix (Chrono Boost)  
  91  7:00  Phoenix (Chrono Boost)  
  89  7:04  Probe  
  89  7:05  Probe  
  89  7:07  Stalker  
  87  7:13  Phoenix, Stalker  
  90  7:16  Probe  
  90  7:17  Probe  
  90  7:18  Phoenix  
  94  7:28  Probe  
  93  7:30  Probe, Stalker  
  94  7:40  Probe  
  94  7:41  Phoenix  
  97  7:45  Zealot  
  97  7:46  Oracle (Chrono Boost)  
  99  7:55  Zealot  
  94  8:11  Zealot  
  98  8:13  Phoenix (Chrono Boost)  
  98  8:15  Gateway  
  96  8:21  Phoenix  
  97  8:28  Gateway  
  97  8:30  Gateway  
  97  8:31  Pylon  
  97  8:32  Phoenix, Gateway  
  99  8:35  Zealot  
  100  8:42  Stalker  
  102  8:50  Twilight Council  
  102  8:53  Forge  
  102  8:59  Stalker  
  104  9:07  Stalker  
  100  9:24  Zealot x3  
  100  9:25  Nexus  
  100  9:26  Pylon  
  104  9:41  Void Ray (Chrono Boost)  
  108  9:47  Zealot x6  
  108  9:51  Probe x2  
  122  9:56  Assimilator  
  122  10:02  Assimilator  
  122  10:05  Probe  
  117  10:08  Probe  
  118  10:15  Zealot  
  120  10:24  Templar Archives  
Show
View Real Time Build Order
Export as new Build Order

SortOf Zerg 

Build Orders: Hatch First 

Get SALT Encoding   

  12  0:00  Drone  
  13  0:12  Overlord  
  13  0:16  Drone  
  14  0:31  Drone x2  
  16  0:49  Drone x2  
  18  0:57  Hatchery, Drone  
  18  1:04  Extractor  
  17  1:12  Spawning Pool  
  17  1:15  Drone  
  17  1:20  Drone  
  18  1:29  Drone  
  19  1:42  Drone  
  20  1:55  Overlord  
  20  2:01  Queen  
  22  2:05  Metabolic Boost  
  22  2:09  Zergling x2, Queen  
  22  2:14  Zergling x4  
  27  2:21  Drone  
  28  2:30  Zergling x2  
  28  2:34  Zergling x2  
  30  2:43  Hatchery, Overlord  
  29  2:52  Drone x2  
  29  2:53  Queen  
  33  3:01  Zergling x4  
  34  3:06  Drone x2  
  34  3:10  Drone x2  
  38  3:13  Drone  
  38  3:17  Drone  
  40  3:28  Drone x2  
  40  3:29  Drone  
  40  3:33  Spore Crawler  
  39  3:37  Drone  
  39  3:39  Queen  
  42  3:43  Overlord  
  42  3:47  Drone  
  42  3:48  Spore Crawler  
  42  4:00  Drone x2  
  43  4:03  Drone x3  
  43  4:05  Queen, Drone  
  43  4:06  Drone  
  50  4:14  Roach Warren  
  49  4:17  Drone  
  49  4:21  Extractor, Overlord  
  49  4:28  Overlord  
  49  4:34  Overlord  
  49  4:36  Overlord  
  50  4:38  Zergling x2  
  50  4:39  Queen  
  50  4:41  Zergling x8  
  56  4:46  Drone x2  
  58  4:54  Roach x4  
  58  4:57  Roach  
  68  5:04  Roach x3  
  74  5:09  Overlord  
  74  5:13  Roach  
  75  5:14  Overlord  
  75  5:15  Drone  
  75  5:21  Overlord  
  76  5:26  Overlord  
  74  5:30  Zergling x12  
  74  5:35  Drone x3  
  83  5:39  Lair  
  83  5:43  Drone x3  
  83  5:46  Extractor  
  83  5:49  Roach x2  
  89  5:53  Roach  
  91  5:57  Drone x3  
  91  6:00  Roach  
  93  6:07  Roach x4  
  93  6:10  Drone x2  
  96  6:13  Queen  
  91  6:20  Zergling x10  
  91  6:25  Spore Crawler  
  89  6:28  Spore Crawler, Queen  
  90  6:39  Nydus Network  
  87  6:42  Glial Reconstitution  
  87  6:43  Queen  
  87  6:46  Drone  
  90  6:49  Queen  
  90  6:50  Overlord  
  91  6:55  Zergling x10  
  88  7:03  Roach x2  
  88  7:04  Queen  
  88  7:10  Roach  
  88  7:18  Overlord  
  88  7:19  Overlord  
  86  7:26  Spire  
  86  7:28  Nydus Canal  
  84  7:32  Overlord x2  
  80  7:37  Queen  
  80  7:41  Zergling x8  
  78  7:44  Drone x4  
  78  7:51  Spore Crawler  
  77  7:53  Zergling x4  
  77  7:57  Zergling x4  
  73  7:59  Zergling x2  
  73  8:03  Drone x6  
  73  8:05  Extractor  
  64  8:06  Extractor  
  64  8:07  Queen  
  64  8:08  Nydus Canal  
  64  8:09  Roach  
  66  8:14  Roach  
  66  8:15  Roach  
  66  8:18  Drone x4  
  73  8:21  Extractor  
  73  8:22  Queen  
  73  8:25  Overseer  
  73  8:26  Overlord  
  74  8:28  Drone  
  74  8:29  Drone  
  76  8:38  Overlord  
  76  8:40  Overlord  
  76  8:42  Corruptor  
  76  8:47  Corruptor  
  80  8:50  Roach x2  
  80  8:55  Spore Crawler  
  83  8:57  Corruptor  
  83  9:01  Corruptor  
  87  9:06  Corruptor  
  87  9:07  Corruptor  
  91  9:10  Overlord  
  91  9:13  Overlord  
  91  9:16  Overlord  
  68  9:24  Overlord  
  66  9:33  Corruptor x2  
  63  9:39  Corruptor  
  63  9:45  Corruptor  
  63  9:47  Drone  
  66  9:52  Overlord  
  66  9:56  Overlord  
  63  10:06  Drone x3  

Tags
 
Add a new tag
Caveats
  • Supply blocks, unpowered buildings, or Contaminate may cause inaccurate times.
  • Supply counts are checked every 10 seconds.